 Dungeon Crawl Stone Soup version 0.21-a0-414-gba8bdf1 (webtiles) character file.

1267 JackS81 the Stinger (level 8, -9/52 HPs)
             Began as a Formicid Venom Mage on Nov 2, 2017.
             Mangled by a four-headed hydra (10 damage)
             ... on level 6 of the Dungeon.
             The game lasted 00:33:51 (5785 turns).

JackS81 the Stinger (Formicid Venom Mage)           Turns: 5785, Time: 00:33:53

Health: -9/52      AC:  3    Str: 14    XL:     8   Next: 82%
Magic:  2/24       EV: 17    Int: 23    God:
Gold:   242        SH:  0    Dex: 15    Spells: 6/17 levels left

rFire    . . .     SeeInvis +   i - +1 dagger (speed)
rCold    . . .     Gourm    .   (no shield)
rNeg     . . .     Faith    .   C - +0 ring mail "Ylisou" {*Corrode Int+7} (curse)
rPois    .         Spirit   .   (helmet unavailable)
rElec    .         Reflect  .   e - +0 cloak
rCorr    .         Harm     .   (no gloves)
MR       .....                  (no boots)
Stlth    +.........             (no amulet)
HPRegen  0.17/turn              E - ring of Nucliwkuh {MP+9 Dex+4}
MPRegen  0.19/turn              r - +6 ring of evasion

@: corroded
A: permanent stasis, dig shafts and tunnels, four strong arms, antennae 3
a: Dig, Shaft Self


You were on level 6 of the Dungeon.
You were not hungry.

You visited 1 branch of the dungeon, and saw 6 of its levels.

You collected 242 gold pieces.

Inventory:

Hand Weapons
 h - a +0 whip
 i - a +1 dagger of speed (weapon)
 y - a +2 dagger of distortion
Missiles
 f - 119 stones (quivered)
 n - 2 needles of sleeping
Armour
 e - a +0 cloak (worn)
 C - the cursed +0 ring mail "Ylisou" (worn) {*Corrode Int+7}
   (You found it on level 4 of the Dungeon)

   It affects your intelligence (+7).
   It may corrode you when you take damage.
   It has a curse placed upon it.
 G - a +1 leather armour of fire resistance
Jewellery
 r - a +6 ring of evasion (right hand)
 E - the ring of Nucliwkuh (left hand) {MP+9 Dex+4}
   (You found it on level 4 of the Dungeon)

   [ring of magical power]

   It affects your dexterity (+4).
   It affects your magic capacity (+9).
 F - a cursed -2 ring of evasion
Wands
 a - a wand of lightning (11/15)
Scrolls
 d - 2 scrolls of identify
 j - a scroll of magic mapping {unknown}
 k - 3 scrolls of enchant weapon {unknown}
 l - a scroll of remove curse {unknown}
 m - a scroll of teleportation {unknown}
 p - a scroll of fear {unknown}
 t - a scroll of enchant armour {unknown}
 u - a scroll of blinking {unknown}
 w - a scroll of fog {unknown}
Potions
 x - a potion of heal wounds
Books
 b - a Young Poisoner's Handbook

   Spells                             Type                      Level
   a - Sting                          Conjuration/Poison           1
   b - Poisonous Vapours              Poison/Air                   2
   c - Mephitic Cloud                 Conjuration/Poison/Air       3
   d - Olgreb's Toxic Radiance        Poison                       4
   e - Venom Bolt                     Conjuration/Poison           5
 v - a book of Debilitation

   Spells                             Type                      Level
   a - Corona                         Hexes                        1
   b - Slow                           Hexes                        2
   c - Inner Flame                    Hexes/Fire                   3
   d - Portal Projectile              Hexes/Translocation          3
   e - Cause Fear                     Hexes                        4
   f - Leda's Liquefaction            Hexes/Earth                  4
 A - a book of Conjurations

   Spells                             Type                      Level
   a - Magic Dart                     Conjuration                  1
   b - Searing Ray                    Conjuration                  2
   c - Dazzling Spray                 Conjuration/Hexes            3
   d - Fulminant Prism                Conjuration/Hexes            4
   e - Force Lance                    Conjuration/Translocation    4
   f - Iskenderun's Mystic Blast      Conjuration                  4
 B - a book of Cantrips

   Spells                             Type                      Level
   a - Confusing Touch                Hexes                        1
   b - Animate Skeleton               Necromancy                   1
   c - Summon Small Mammal            Summoning                    1
   d - Apportation                    Translocation                1
Comestibles
 c - 3 bread rations
 g - 4 royal jellies
 o - 3 meat rations
 D - 13 fruits


   Skills:
 + Level 3.6 Short Blades
 - Level 0.4 Maces & Flails
 * Level 4.0 Armour
 - Level 1.7 Dodging
 - Level 2.4 Stealth
 + Level 5.1 Spellcasting
 * Level 3.5 Conjurations
 * Level 1.6 Hexes
 - Level 2.0 Air Magic
 - Level 7.1 Poison Magic


You had 6 spell levels left.
You knew the following spells:

 Your Spells              Type           Power        Failure   Level  Hunger
a - Sting                 Conj/Pois      ####         1%          1    None
b - Mephitic Cloud        Conj/Pois/Air  ####....     10%         3    ##.....
c - Olgreb's Toxic Radia  Pois           #####...     10%         4    ####...
d - Dazzling Spray        Conj/Hex       ###...       19%         3    ##.....


Dungeon Overview and Level Annotations

Branches:
Dungeon (6/15)
 Temple: D:4-7

Altars:
Nemelex Xobeh
Wu Jian

Shops:
D:4 (


Innate Abilities, Weirdness & Mutations

You cannot be hasted, slowed, berserked, paralysed or teleported.
You can dig through walls and to a lower floor.
Your four strong arms can wield two-handed weapons with a shield.
You have a pair of large antennae on your head. (SInv)


Message History

The four-headed hydra closely misses you.
The four-headed hydra completely misses you.
The four-headed hydra bites you.
The four-headed hydra completely misses you.
You hit the four-headed hydra.
The four-headed hydra is lightly wounded.
You hit the four-headed hydra.
The four-headed hydra is lightly wounded.
The four-headed hydra bites you! The four-headed hydra bites you.
The four-headed hydra bites you! The four-headed hydra bites you.
* * * LOW HITPOINT WARNING * * *
Your corrosive artefact corrodes you!
You feel better. The four-headed hydra bites you!
* * * LOW HITPOINT WARNING * * *
The four-headed hydra bites you.
* * * LOW HITPOINT WARNING * * *
The four-headed hydra bites you!
* * * LOW HITPOINT WARNING * * *
The four-headed hydra bites you!
You die...

#.#.##.# #.###...##...##
###.. #.### #.#####.####...
#.... #...# #..............
#.#..#####.## #.#####.######.
#...........# #.# #.
##......[..#.# #.## ##
#..........#.## #..# #
..##........(.##### ##.#### #
#.......#.<..@D### #....#
#.....[[####.#)..#########.##
######### #.###.....#####..##
#.# #####......#..# #.#
######..... #.. ###### ...
###


You could see a four-headed hydra.

Vanquished Creatures
  Edmund (D:6)
  The ghost of HAL9000 the Sneak, an amateur VSAs of Dithmenos (D:4)
  An orc warrior (D:6)
  2 ogres
  A centaur (D:5)
  A bullfrog (D:6)
  A scorpion (D:2)
  2 hounds
  2 orc wizards
  6 worker ants
  A worker ant zombie (D:6)
  A howler monkey zombie (D:6)
  4 gnolls
  A howler monkey skeleton (D:4)
  8 adders
  6 river rats (D:6)
  2 shadow imps
  2 oozes
  An adder skeleton (D:6)
  4 worms (D:3)
  A dart slug (D:2)
  A leopard gecko (D:5)
  14 orcs
  6 bats
  9 giant cockroaches
  8 goblins
  8 hobgoblins
  14 jackals
  9 quokkas
  2 ball pythons
  6 frilled lizards
  8 kobolds
  13 rats
147 creatures vanquished.

Vanquished Creatures (others)
  An orc wizard (D:5)
1 creature vanquished.

Grand Total: 148 creatures vanquished

Notes
Turn   | Place    | Note
-------+----------+-------------------------------------------
     0 | D:1      | JackS81 the Formicid Venom Mage began the quest for the Orb.
     0 | D:1      | Reached XP level 1. HP: 13/13 MP: 3/3
   161 | D:1      | Reached XP level 2. HP: 15/19 MP: 0/5
   276 | D:1      | Reached skill level 5 in Poison Magic
   375 | D:1      | Found a sparkling altar of Nemelex Xobeh.
   408 | D:1      | Reached XP level 3. HP: 5/24 MP: 3/6
   947 | D:1      | Reached skill level 1 in Conjurations
  1127 | D:2      | Learned a level 3 spell: Mephitic Cloud
  1225 | D:2      | Reached XP level 4. HP: 30/30 MP: 2/7
  1944 | D:2      | Reached skill level 1 in Air Magic
  2005 | D:2      | Reached skill level 6 in Poison Magic
  2274 | D:2      | Reached XP level 5. HP: 35/35 MP: 5/8
  2280 | D:2      | Learned a level 4 spell: Olgreb's Toxic Radiance
  2295 | D:2      | Found an ornate altar of the Wu Jian Council.
  2556 | D:3      | Reached XP level 6. HP: 27/41 MP: 0/9
  3521 | D:4      | Reached skill level 1 in Short Blades
  3521 | D:4      | Reached skill level 7 in Poison Magic
  3605 | D:4      | Noticed an ogre
  3767 | D:4      | Found Biomie's Weapon Shop.
  3790 | D:4      | Noticed HAL9000's ghost (amateur VSAs)
  3881 | D:4      | Got a translucent ring mail
  3882 | D:4      | Identified the cursed +0 ring mail "Ylisou" {*Corrode Int+7} (You found it on level 4 of the Dungeon)
  3939 | D:4      | Got a heavily runed bone ring
  3940 | D:4      | Identified the ring of Nucliwkuh {MP+9 Dex+4} (You found it on level 4 of the Dungeon)
  3994 | D:4      | Killed an ogre
  3994 | D:4      | Reached skill level 1 in Armour
  3994 | D:4      | Reached XP level 7. HP: 46/46 MP: 5/11
  4283 | D:4      | Killed HAL9000's ghost
  4397 | D:5      | Entered Level 5 of the Dungeon
  4815 | D:5      | Reached XP level 8. HP: 36/52 MP: 4/13
  5255 | D:6      | Learned a level 3 spell: Dazzling Spray
  5377 | D:6      | Noticed Edmund
  5396 | D:6      | Killed Edmund
  5396 | D:6      | Reached skill level 1 in Hexes
  5612 | D:6      | Reached skill level 5 in Spellcasting
  5739 | D:6      | Noticed a four-headed hydra
  5785 | D:6      | HP: 1/52 [four-headed hydra (10)]
  5785 | D:6      | Mangled by a four-headed hydra

Vault maps used:
D:1:      minmay_arrival_nine_rooms, nemelex_xobeh_ov_fountains_minmay
D:2:      nicolae_overflow_crystal_walls
D:3:      first_bread, wad_rectangle_vault
D:4:      minmay_temple_entry_from_below_a, serial_shops, kennysheep_little_box
D:6:      lemuel_ratsnest, kennysheep_generic_room_12, uniq_edmund

Skill      XL: |  1  2  3  4  5  6  7  8 |
---------------+-------------------------+-----
Poison Magic   | 5 6 7 |  7.1
Conjurations   | 1 2 3 |  3.5
Air Magic      | 1 2 |  2.0
Short Blades   | 1 3 |  3.6
Armour         | 1 2 4 |  4.0
Spellcasting   | 3 5 |  5.1
Hexes          | 1 |  1.6
Maces & Flails | |  0.4
Dodging        | |  1.7
Stealth        | |  2.4

Action                   |  1- 3 |  4- 6 |  7- 9 || total
-------------------------+-------+-------+-------++-------
Melee: Unarmed           |    14 |       |       ||    14
       Whip              |    25 |     8 |       ||    33
       Dagger            |       |    78 |   175 ||   253
Throw: Stone             |       |       |     1 ||     1
 Cast: Sting             |    53 |    82 |    56 ||   191
       Mephitic Cloud    |       |     3 |     7 ||    10
       Olgreb's Toxic Ra |       |     7 |    15 ||    22
       Dazzling Spray    |       |       |     5 ||     5
  Use: Potion            |     3 |     1 |     6 ||    10
       Scroll            |       |     1 |     1 ||     2
 Stab: Confused          |       |       |     4 ||     4
  Eat: Chunk             |     2 |    10 |     6 ||    18
       Fruit             |       |     1 |     2 ||     3
       Royal jelly       |       |       |     1 ||     1
Armor: Robe              |    10 |    10 |       ||    20
       Ring mail         |       |     3 |    23 ||    26
Dodge: Dodged            |    44 |    48 |    90 ||   182

Table legend:
 A = Spawn XP
 B = Non-spawn XP
 C = Spawn XP percentage of total XP
 D = Spawn monster count
 E = Non-spawn monster count
 F = Spawn count percentage of total count
 G = Total turns spent on level
                    A         B        C        D         E        F      G
               +---------+---------+-------+---------+---------+-------+---------
         Total |       0 |    1810 |   0.0 |       0 |     148 |   0.0 |  5785
               +---------+---------+-------+---------+---------+-------+---------
           D:1 |       0 |      46 |   0.0 |       0 |      29 |   0.0 |  1084
           D:2 |       0 |     175 |   0.0 |       0 |      22 |   0.0 |  1344
           D:3 |       0 |     147 |   0.0 |       0 |      19 |   0.0 |  1049
           D:4 |       0 |     401 |   0.0 |       0 |      14 |   0.0 |   920
           D:5 |       0 |     320 |   0.0 |       0 |      22 |   0.0 |   744
           D:6 |       0 |     721 |   0.0 |       0 |      42 |   0.0 |   644
               +---------+---------+-------+---------+---------+-------+---------
